 Dungeon Crawl Stone Soup version 0.31-a0-1447-g87ca8d4 (webtiles) character file.

Game seed: 305600688932202008

813 sdynet the Grave Robber (level 7, -8/59 HPs)
             Began as a Ghoul Necromancer on Dec 27, 2023.
             Killed from afar by an orc wizard (13 damage)
             ... with a puff of flame
             ... on level 5 of the Dungeon.
             The game lasted 00:13:06 (4086 turns).

sdynet the Grave Robber (Ghoul Necromancer)         Turns: 4086, Time: 00:13:06

Health: -8/59      AC:  7    Str: 14    XL:     7   Next: 93%
Magic:  5/13       EV: 12    Int: 14    God:
Gold:   206        SH:  0    Dex:  9    Spells: 1/14 levels left

rFire   . . .        a - +1 quarterstaff of Overwhelming Force {venom, +Blink rC+ Stlth+}
rCold   + + .        (shield currently unavailable)
rNeg    + + +        h - +2 animal skin
rPois   ∞            i - +2 helmet
rElec   .            (no cloak)
rCorr   .            (no gloves)
SInv    .            (no boots)
Will    .....        c - amulet of the acrobat
Stlth   +++          (no ring)
HPRegen 0.00/turn    (no ring)
MPRegen 0.13/turn

%: acrobat
@: attractive, animating dead, inhibited regen, invisible
A: claws 1, cold resistance 1, negative energy resistance 3, inhibited
regeneration, torment resistance 2, devour on kill
a: Evoke Blink


You were on level 5 of the Dungeon.
You visited 1 branch of the dungeon, and saw 5 of its levels.

You collected 206 gold pieces.

Inventory:

Hand Weapons
 a - the +1 quarterstaff of Overwhelming Force (weapon) {venom, +Blink rC+ Stlth+}
   (You found it on level 4 of the Dungeon)

   rC+:       It protects you from cold.
   +Blink:    It lets you blink.
   Stlth+:    It makes you more stealthy.
 k - a +2 heavy flail
 l - a +0 spear
Missiles
 W - 4 boomerangs
 Z - 11 poisoned darts
Armour
 e - a +0 ring mail
 g - a +1 pair of gloves
 h - a +2 animal skin (worn)
 i - a +2 helmet (worn)
 o - a +3 ring mail of poison resistance
 t - a +0 robe
Jewellery
 c - an amulet of the acrobat (around neck)
 r - a ring of ice
Wands
 d - a wand of paralysis (6)
Scrolls
 f - a scroll of enchant weapon
 j - 3 scrolls of teleportation {!r}
 m - 2 scrolls of identify
 q - a scroll of noise {unknown}
Potions
 b - a potion of magic {!q}


   Skills:
 - Level 4.0 Fighting
 - Level 1.7 Dodging
 - Level 2.1 Stealth
 - Level 3.0 Unarmed Combat
 - Level 4.0 Spellcasting
 + Level 6.8 Necromancy


You had one spell level left.
You knew the following spells:

 Your Spells              Type           Power      Damage    Failure   Level
a - Necrotise             Necr           84%        1d8       1%          1
b - Vampiric Draining     Necr           21%        2d7       3%          3
c - Animate Dead          Necr           21%        N/A       12%         4
d - Curse of Agony        Necr           21%        N/A       32%         5

Your spell library contained the following spells:

 Spells                   Type           Power      Damage    Failure   Level
 Sting                    Conj/Alch      8%         1d3       19%         1
 Mercury Vapours          Alch/Air       4%         N/A       28%         2
 Dazzling Flash           Conj/Hex       4%         N/A       50%         3
 Mephitic Cloud           Conj/Alch/Air  2%         N/A       50%         3
 Tukima's Dance           Hex            2%         N/A       50%         3
 Olgreb's Toxic Radiance  Alch           2%         N/A       88%         4
 Passage of Golubria      Tloc           2%         N/A       88%         4
 Silence                  Hex/Air        1%         N/A       99%         5
 Yara's Violent Unravell  Hex/Alch       1%         3d3       99%         5


Dungeon Overview and Level Annotations

Branches:
Dungeon (4/15)
 Temple: D:4-7

Altars:
Dithmenos
Qazlal
Wu Jian
Xom

Shops:
D:1 :

Annotations:
D:5 1 runed translucent door, PiratePeteNZ's ghost, novice DrAl


Innate Abilities, Weirdness & Mutations

You are immune to poison.
You have sharp fingernails.
Your flesh is cold resistant. (rC+)
You are immune to negative energy. (rN+++)
You do not regenerate when monsters are visible.
You are immune to unholy pain and torment.
You thrive by killing the living.


Message History

A puff of flame appears from out of thin air!
The puff of flame hits you.
* * * LOW HITPOINT WARNING * * *
Something hits you.
* * * LOW HITPOINT WARNING * * *
You feel better.
Your ogre skeleton closely misses the orc wizard.
Your orc priest skeleton misses something.
The orc wizard hits your ogre skeleton with a +0 dagger.
Okay, then.
It was a potion of invisibility.
You fade into invisibility!
The orc wizard completely misses your orc priest skeleton.
Something hits you.
* * * LOW HITPOINT WARNING * * *
Your ogre skeleton barely misses the orc wizard.
It was a potion of attraction.
You feel attractive to monsters.
The orc wizard hits your orc priest skeleton with a +0 dagger.
Your orc priest skeleton closely misses the orc wizard.
Something is attracted toward you.
Casting: Necrotise (safe; 1% risk of failure)
Confirm with . or Enter, or press ? or * to list all spells.
You call upon the dead to rise.
The orc wizard hits your orc priest skeleton with a +0 dagger.
Something hits you but does no damage.
Your ogre skeleton closely misses the orc wizard.
Your orc priest skeleton hits the orc wizard but does no damage.
The orc wizard barely misses you. Something barely misses you.
You barely miss the orc wizard.
Your orc priest skeleton barely misses the orc wizard.
The orc wizard hits your orc priest skeleton with a +0 dagger.
You hear some strange, mumbled words.
A puff of flame appears from out of thin air!
The puff of flame misses you.
Your ogre skeleton hits the orc wizard!
You closely miss something.
Your orc priest skeleton hits the orc wizard but does no damage.
The orc wizard points at you and mumbles some strange words.
The puff of flame hits you!
You die...

... ... ... #.# ..#
#o# #.# #o# #.#
##o## #.# ##ZZ@##
##.# ##...{.##
##..# ##.......#
##...####.........#
#.......'.........+
##...####.........#
##..# ##.......##
##.# ##.....##
###.# ##...##


You could see an orc wizard (unable to see you, ally target), 2 orcs, a friendly
orc priest skeleton and a friendly ogre skeleton.

Vanquished Creatures
  A black bear (D:5)
  3 ogres
  A phantom (D:5)
  Blork the orc (D:4)
  A hound (D:5)
  An orc priest (D:5)
  Jessica (D:3)
  Ijyb (D:3)
  4 iguanas
  Robin (D:2)
  3 adders
  6 dart slugs
  3 endoplasms
  A giant cockroach (D:2)
  14 goblins
  7 hobgoblins
  7 jackals (D:1)
  2 kobolds
  3 quokkas
  5 ball pythons
  4 bats
  5 frilled lizards
  2 rats (D:1)
77 creatures vanquished.

Vanquished Creatures (collateral kills)
  An endoplasm (D:4)
  A goblin (D:4)
  A rat (D:2)
3 creatures vanquished.

Grand Total: 80 creatures vanquished

Notes
Turn   | Place    | Note
-------+----------+-------------------------------------------
     0 | D:1      | sdynet the Ghoul Necromancer began the quest for the Orb.
     0 | D:1      | Reached XP level 1. HP: 14/14 MP: 3/3
   174 | D:1      | Reached skill level 1 in Fighting
   174 | D:1      | Reached skill level 1 in Unarmed Combat
   174 | D:1      | Reached XP level 2. HP: 23/23 MP: 2/4
   235 | D:1      | Found Irphal's Vocational Training.
   709 | D:1      | Reached XP level 3. HP: 27/29 MP: 0/5
   865 | D:1      | Learned a level 3 spell: Vampiric Draining
  1428 | D:2      | Noticed Robin
  1595 | D:2      | Killed Robin
  1596 | D:2      | Reached XP level 4. HP: 17/37 MP: 0/6
  2253 | D:3      | Found an ornate altar of the Wu Jian Council.
  2259 | D:3      | Noticed a spectral centipede
  2259 | D:3      | Noticed a spectral black mamba
  2259 | D:3      | Noticed a spectral cane toad
  2298 | D:3      | Found a shadowy altar of Dithmenos.
  2363 | D:3      | Noticed Ijyb
  2367 | D:3      | Paralysed by Ijyb for 4 turns
  2379 | D:3      | Paralysed by Ijyb for 3 turns
  2386 | D:3      | Paralysed by Ijyb for 5 turns
  2392 | D:3      | Killed Ijyb
  2488 | D:3      | Found a shimmering altar of Xom.
  2497 | D:3      | Noticed Jessica
  2503 | D:3      | Killed Jessica
  2504 | D:3      | Reached XP level 5. HP: 46/46 MP: 1/7
  2936 | D:3      | Found a stormy altar of Qazlal.
  3074 | D:4      | Noticed Blork the orc
  3074 | D:4      | Noticed an ogre
  3268 | D:4      | Killed an ogre
  3269 | D:4      | Reached XP level 6. HP: 52/52 MP: 5/9
  3284 | D:4      | Learned a level 4 spell: Animate Dead
  3501 | D:4      | Killed Blork the orc
  3502 | D:4      | Reached skill level 5 in Necromancy
  3516 | D:4      | Reached XP level 7. HP: 17/59 MP: 4/12
  3747 | D:4      | Identified the +1 quarterstaff of Overwhelming Force
                  | {venom, +Blink rC+ Stlth+}
  3758 | D:4      | You fall into a shaft and drop 1 floor!
  3758 | D:5      | Entered Level 5 of the Dungeon
  3791 | D:5      | Found a runed translucent door.
  3796 | D:5      | Noticed PiratePeteNZ's ghost (novice DrAl)
  3972 | D:5      | Learned a level 5 spell: Curse of Agony
  4008 | D:5      | Reached skill level 6 in Necromancy
  4079 | D:5      | HP: 1/59 [something (2)]
  4086 | D:5      | Killed from afar by an orc wizard

Illustrated notes

Levels and vault maps discovered:
D:1:      onia_arrival_mini_spirals, layout_basic, serial_corexii_hall,
          chequers_hall_statues_y, corexii_hall_statues_deadend, minivault_26,
          nicolae_shop_vocational
D:2:      layout_rooms, basic_altar, chequers_serial_rivers_small_b,
          minivault_14, uniq_robin
D:3:      layout_loops_ring, lemuel_round_altar,
          nicolae_dithmenos_shadow_blocks, pdpol_wu_jian_five_deadly_venoms,
          lemuel_coloured_pillars_altar, uniq_ijyb, uniq_jessica
D:4:      layout_cave_pools, uniq_blork_the_orc
D:5:      black_bear_nest_1, layout_loops_corners,
          ebering_ghost_reflecting_pool, uniq_menkaure

Skill      XL: |  1  2  3  4  5  6  7 |
---------------+----------------------+-----
Fighting       | 1 2 3 4 |  4.0
Unarmed Combat | 1 2 3 |  3.0
Spellcasting   | 2 3 4 |  4.0
Necromancy     | 5 6 |  6.8
Dodging        | |  1.7
Stealth        | |  2.1

Action                     |  1- 3 |  4- 6 |  7- 9 || total
---------------------------+-------+-------+-------++-------
  Melee: Unarmed           |    50 |    50 |     3 ||   103
         Punch             |     1 |     3 |       ||     4
         Quarterstaff      |       |       |    39 ||    39
   Cast: Necrotise         |    58 |    58 |    16 ||   132
         Vampiric Draining |       |     2 |       ||     2
         Animate Dead      |       |       |     1 ||     1
    Use: Scroll            |       |     5 |     1 ||     6
         Potion            |       |     3 |     4 ||     7
   Stab: Sleeping          |       |       |     1 ||     1
 Armour: Robe              |    43 |       |       ||    43
         Animal skin       |       |    41 |    37 ||    78
  Dodge: Dodged            |    30 |    27 |    41 ||    98

Table legend: (Time is in decaauts)
 A = Elapsed time spent in this place.
 B = Non-inter-level travel time spent in this place.
 C = Inter-level travel time spent in this place.
 D = Time resting spent in this place.
 E = Time spent auto-exploring this place.
 F = Levels seen in this place.
 G = Mean time per level.
                   A        B        C        D        E       F      G
               +--------+--------+--------+--------+--------+-----+--------+
         Total |   4096 |   3807 |    289 |      0 |   3046 |   5 |  819.2 |
       Dungeon |   4096 |   3807 |    289 |      0 |   3046 |   5 |  819.2 |
               +--------+--------+--------+--------+--------+-----+--------+

Top non-repeatable levels by time:
     D:1: 1446 daAuts
     D:3: 901 daAuts
     D:2: 763 daAuts
     D:4: 645 daAuts
     D:5: 339 daAuts
